 Dungeon Crawl Stone Soup version 0.17.0-18-gaab0e96 (console) character file.

14 jw the Skirmisher (level 2, -2/24 HPs)
             Began as a Demonspawn Abyssal Knight on Nov 12, 2015.
             Was a Follower of Lugonu.
             Killed by nerve-wracking pain
             ... invoked by Jessica
              (14 damage)
             ... on level 2 of the Dungeon.
             The game lasted 00:00:42 (960 turns).

jw the Skirmisher (Demonspawn Abyssal Knight)        Turns: 960, Time: 00:00:43

Health: -2/24      AC:  5    Str: 12    XL:     2   Next: 31%
Magic:  3/3        EV: 10    Int: 13    God:    Lugonu [*.....]
Gold:   101        SH:  0    Dex: 12    Spells: 0 memorised, 1 level left

rFire  . . .     SeeInvis .     a - +1 falchion
rCold  . . .     Clarity  .     e - +0 ring mail
rNeg   . . .     SustAt   .     (no shield)
rPois  .         Gourm    .     (no helmet)
rElec  .         Spirit   .     (no cloak)
rCorr  .         Warding  .     (no gloves)
rMut   .         Stasis   .     (no boots)
MR     .....                    (no amulet)
Stlth  +.........               (no ring)
                                (no ring)

@: lethally poisoned (-2 -> -17), not resistant to hostile enchantments, very
unstealthy
A: rot immunity
a: Depart the Abyss, Renounce Religion


You were on level 2 of the Dungeon.
You worshipped Lugonu.
Lugonu was aware of your devotion.
You were not hungry.

You visited 1 branch of the dungeon, and saw 2 of its levels.
You visited the Abyss 1 time.

You collected 101 gold pieces.

Inventory:

Hand Weapons
 a - a +1 falchion (weapon)
Missiles
 d - 142 stones (quivered)
Armour
 e - a +0 ring mail (worn)
Comestibles
 c - 3 bread rations


   Skills:
 + Level 3.1 Fighting
 * Level 2.1 Long Blades
 + Level 0.6 Throwing
 + Level 2.0 Armour
 - Level 0.8 Dodging
 + Level 2.4 Invocations


You had one spell level left.
You didn't know any spells.

Dungeon Overview and Level Annotations

Branches:
Dungeon (2/15)

Altars:
Dithmenos
Fedhas
Sif Muna
Trog
The Shining One

Annotations:
D:2 Jessica


Innate Abilities, Weirdness & Mutations

You are immune to rotting.


Message History

Jessica barely misses you.
Jessica hits you with a dagger of venom.
You are lethally poisoned!
Found a bloodstained altar of Trog.
Unknown command.
Unknown command.
Unknown command.
MOVING TO (0,3)
You feel sick.
Unknown command.
Unknown command.
Unknown command.
MOVING TO (0,2)
You feel sick. Jessica casts a spell at you. Pain shoots through your body!
Jessica casts a spell at you. Pain shoots through your body!
Ouch! That really hurt!
You die...

##### #######
#...###.....####..
.###...S.....<.......
.=.....#@##.....$.....
.......K...?..........
_..._..#6####.########
......g..# #.#
..8.._.### #.# .......
.?# _...... ### ._...
.... ####


You could see Jessica, a goblin, a ball python and a kobold.

Table legend:
 A = Turns spent in this place as a percentage of turns spent in the entire game.
 B = Non-inter-level travel turns spent in this place as a percentage of non-inter-level travel turns spent in the entire game.
 C = Inter-level travel turns spent in this place as a percentage of turns spent in this place.
 D = Turns resting spent in this place as a percentage of non-inter-level travel turns spent in this place.
 E = Turns spent auto-exploring this place as a percentage of non-inter-level travel turns spent in this place.
 F = Non-inter-level travel turns spent in this place divided by the number of levels of this place that you've seen.
                   A       B       C       D       E      F
               +-------+-------+-------+-------+-------+----------------------
         Total | 100.0 | 100.0 |   0.1 |   0.8 |   3.3 | 333.7
       Dungeon |  95.2 |  95.2 |   0.1 |   0.8 |   3.1 | 476.5
         Abyss |   4.8 |   4.8 |   0.0 |   0.0 |   6.2 |  48.0
               +-------+-------+-------+-------+-------+----------------------

Table legend:
 A = Kills in this place as a percentage of kills in entire the game.
 B = Kills by you in this place as a percentage of kills by you in the entire game.
 C = Kills by friends in this place as a percentage of kills by friends in the entire game.
 D = Other kills in this place as a percentage of other kills in the entire game.
 E = Experience gained in this place as a percentage of experience gained in the entire game.
 F = Experience gained in this place divided by the number of levels of this place that you have seen.
                   A       B       C       D       E      F
               +-------+-------+-------+-------+-------+----------------------
         Total | 100.0 | 100.0 |  -nan |  -nan | 100.0 |   7.0
       Dungeon | 100.0 | 100.0 |  -nan |  -nan | 100.0 |  10.5
               +-------+-------+-------+-------+-------+----------------------

Vanquished Creatures
  A giant gecko (D:1)
  A bat (D:1)
  2 goblins (D:1)
  A hobgoblin (D:1)
  A giant newt (D:1)
  3 kobolds (D:1)
  5 rats (D:1)
14 creatures vanquished.

Notes
Turn   | Place    | Note
--------------------------------------------------------------
     0 | Abyss:1  | jw the Demonspawn Abyssal Knight began the quest for the Orb.
     0 | Abyss:1  | Reached XP level 1. HP: 18/18 MP: 2/2
    10 | Abyss:1  | Found a corrupted altar of Lugonu.
    27 | Abyss:1  | Noticed an ice beast
    28 | D:1      | Escaped the Abyss
   144 | D:1      | Reached * piety under Lugonu
   326 | D:1      | Gained mutation: You are immune to rotting. [demonic ancestry]
   326 | D:1      | Reached XP level 2. HP: 20/24 MP: 3/3
   950 | D:2      | Noticed Jessica
   952 | D:2      | Found a deep blue altar of Sif Muna.
   954 | D:2      | Found a glowing golden altar of the Shining One.
   957 | D:2      | Found a shadowy altar of Dithmenos.
   957 | D:2      | Found a blossoming altar of Fedhas.
   958 | D:2      | Found a bloodstained altar of Trog.
   960 | D:2      | Killed from afar by Jessica

Action                   || total
-------------------------++-------
Melee: Falchion          ||    29
Throw: Stone             ||    31
Invok: Depart the Abyss  ||     1

Vault maps used:
D:1:      co_arrival_random_square_maze
D:2:      lemuel_zombie_altar_yredelemnul, grunt_temple_overflow_open,
          uniq_robin, uniq_jessica
